 Dungeon Crawl Stone Soup version 0.14-a0-586-g2535b90 (webtiles) character file.

27 4tharraofdagon the Firebug (level 2, -2/21 HPs)
             Began as a Djinni Fire Elementalist on Nov 3, 2013.
             Slain by a hobgoblin (4 damage)
             ... on Level 4 of the Dungeon.
             The game lasted 00:02:20 (380 turns).

4tharraofdagon the Firebug (DjFE)                    Turns: 380, Time: 00:02:20

HP  -2/21        AC  3     Str 10      XL: 2   Next: 41%
MP   0/0         EV 10     Int 15      God:
Gold 11          SH  0     Dex 13      Spells:  1 memorised,  3 levels left

Res.Fire  : + + +   See Invis. : .   (no weapon)
Res.Cold  : x . .   Warding    : .   i - +0 orc leather armour
Life Prot.: + + +   Conserve   : .   (no shield)
Res.Poison: .       Res.Corr.  : .   (no helmet)
Res.Elec. : .       Clarity    : .   (no cloak)
Sust.Abil.: . .     Spirit.Shd : .   (no gloves)
Res.Mut.  : .       Stasis     : .   (boots unavailable)
Res.Rott. : .       Flight     : +   (no amulet)
Saprovore : . . .                    (no ring)
                                     f - +2 ring of strength

@: flying, very slightly contaminated, not resistant to hostile enchantments,
unstealthy
A: fire immunity, cold vulnerability, life protection 3
a: no special abilities


You were on level 4 of the Dungeon.
You were not hungry.

You visited 1 branch of the dungeon, and saw 4 of its levels.

You collected 11 gold pieces.

Inventory:

Armour
 a - a +0 robe
 i - a +0 orcish leather armour (worn)
Scrolls
 c - a scroll of identify {unknown}
 d - a scroll of enchant armour {unknown}
 e - a scroll of random uselessness {unknown}
Jewellery
 f - a +2 ring of strength (left hand)
Potions
 g - a potion of curing
Books
 b - a book of Flames

   Spells                             Type                      Level
   *Flame Tongue                      Conjuration/Fire             1
   Throw Flame                        Conjuration/Fire             2
   Conjure Flame                      Conjuration/Fire             3
   Inner Flame                        Hexes/Fire                   3
   Sticky Flame                       Conjuration/Fire             4
   Fireball                           Conjuration/Fire             5
 h - a book of Burglary

   Spells                             Type                      Level
   Apportation                        Translocation                1
   Swiftness                          Charms/Air                   2
   Passwall                           Transmutation/Earth          3
   Passage of Golubria                Translocation                4
   Lee's Rapid Deconstruction         Earth                        5
   Darkness                           Hexes                        7


   Skills:
 - Level 1.7 Dodging
 - Level 1.5 Stealth
 + Level 1.6 Spellcasting
 * Level 1.9 Conjurations
 * Level 4.4 Fire Magic


You had 3 spell levels left.
You knew the following spells:

 Your Spells              Type           Power        Failure   Level  Hunger
a - Flame Tongue          Conj/Fire      ##...        8%          1    ##.....


Dungeon Overview and Level Annotations

Branches:
Dungeon (4/27)
 Temple: D:4-7

Altars:
Ashenzari
Xom

Annotations:
D:3 Terence


Innate Abilities, Weirdness & Mutations

You are immune to all types of fire, even holy and hellish.
You are vulnerable to cold.
You need no food.
You have no legs.
You are immune to negative energy.


Message History

Aiming: Flame Tongue
Press: ? - help, Shift-Dir - straight line, f/p - hobgoblin
Aim: a hobgoblin (heavily wounded)
The flame misses the hobgoblin.
The flame hits the orc.
You kill the orc!
The hobgoblin barely misses you.
A worm comes into view.
Your magical contamination has completely faded away.
The hobgoblin barely misses you.
Found a stone staircase leading up.
Casting: Flame Tongue
Confirm with . or Enter, or press ? or * to list all spells.
Aiming: Flame Tongue
Press: ? - help, Shift-Dir - straight line, f/p - hobgoblin
Aim: a hobgoblin (heavily wounded)
The flame hits the hobgoblin.
The hobgoblin appears unharmed.
The hobgoblin is heavily wounded.
You are very lightly contaminated with residual magic.
The hobgoblin hits you.
You die...

#.# #..........#
#.######..........#
#.................#
#...o.............# .
#.#######o........# .. #.#
#.........#####.?. #)#
#o$............... #o#
#g................
#.#######@..........).....
#..........####....#####..
#..........# #....#
#.######...# #..).# #.#
#...# #....# #.# #...#
#....# #.# #...# #....#
#.# #...# #..<.# #.# #...#
#....#


You could see 2 orcs and a hobgoblin.

Vanquished Creatures
  3 giant geckos
  3 orcs (D:4)
  A hobgoblin (D:2)
  A bat (D:2)
  2 kobolds (D:2)
  A rat (D:2)
11 creatures vanquished.

Notes
Turn   | Place    | Note
--------------------------------------------------------------
     0 | D:1      | 4tharraofdagon, the Djinni Fire Elementalist, began the quest for the Orb.
     0 | D:1      | Reached XP level 1. HP: 14/14 MP: 0/0
   184 | D:2      | Found a shimmering altar of Xom.
   185 | D:2      | Found a shattered altar of Ashenzari.
   256 | D:3      | Reached XP level 2. EP: 18/21
   298 | D:3      | Noticed Terence
   380 | D:4      | Slain by a hobgoblin

Action                   || total
-------------------------++-------
Melee: Unarmed           ||     3
 Cast: Flame Tongue      ||    22
  Use: Potion            ||     4
